 Dungeon Crawl Stone Soup version 0.20-a0-537-g052e6ba (webtiles) character file.

231752 AlphabetPasta the Gelid (level 19, -1/145 HPs)
             Began as a Naga Ice Elementalist on Jan 25, 2017.
             Was the Champion of Vehumet.
             Slain by a jumping spider (2 damage)
             ... while paralysed by a hornet
             ... on level 4 of the Spider Nest on Jan 27, 2017.
             The game lasted 05:59:15 (53397 turns).

AlphabetPasta the Gelid (Naga Ice Elementalist)    Turns: 53397, Time: 05:59:15

Health: -1/145     AC: 17    Str: 10 (11) XL:     19   Next: 91%
Magic:  42/44      EV:  1    Int: 23      God:    Vehumet [******]
Gold:   2780       SH:  0    Dex: 12      Spells: 7/43 levels left

rFire    . . .     SeeInvis +   W - staff of energy
rCold    + . .     Gourm    .   k - +2 robe {Archmagi}
rNeg     . . .     Faith    .   a - +5 shield "Ometav" {Slay+2 SInv Stlth+}
rPois    +         Spirit   .   (no helmet)
rElec    .         Reflect  .   f - +0 cloak {MR+}
rCorr    .         Harm     .   T - +0 pair of gloves
MR       +++..                  K - +2 naga barding {rF+}
Stlth    +++.......             O - amulet of magic regeneration
Regen    0.4/turn               w - ring of ice
                                b - ring of magical power

@: paralysed, lethally poisoned (-1 -> -30), very slow
A: see invisible, deformed body, poison resistance, slowness 2, slow metabolism
1, spit poison 1, constrict 1, AC +6
a: Spit Poison, Renounce Religion


You were on level 4 of the Spider Nest.
You worshipped Vehumet.
Vehumet was exalted by your worship.
You were not hungry.

You visited 4 branches of the dungeon, and saw 27 of its levels.
You also visited: Labyrinth, Sewer and Ice Cave.

You collected 2892 gold pieces.
You spent 112 gold pieces at shops.

Inventory:

Armour
 a - the +5 shield "Ometav" (worn) {Slay+2 SInv Stlth+}
   (You found it on level 1 of the Lair of Beasts)

   It affects your accuracy and damage with ranged weapons and melee attacks
   (+2).
   It lets you see invisible.
   It makes you more stealthy.
 f - a +0 cloak of magic resistance (worn)
 k - a +2 robe of the Archmagi (worn)
 z - a +2 robe of positive energy
 K - a +2 naga barding of fire resistance (worn)
 P - a +1 robe of fire resistance
 T - a +0 pair of gloves (worn)
Magical Staves
 W - an uncursed staff of energy (weapon)
Jewellery
 b - a ring of magical power (left hand)
 d - an uncursed ring of protection from magic
 g - a +2 ring of protection
 w - a ring of ice (right hand)
 J - an uncursed ring of flight
 L - an uncursed ring of wizardry
 O - an amulet of magic regeneration (around neck)
Wands
 v - a wand of enslavement (8/24)
 C - a wand of enslavement (2/24)
 E - a wand of digging (12/24)
 G - a wand of acid (8/15)
 I - a wand of lightning (1/15)
 V - a wand of paralysis (3/24)
 X - a wand of iceblast (0/15)
 Y - a wand of confusion (22/48)
Scrolls
 h - 2 scrolls of enchant armour
 i - 4 scrolls of magic mapping
 l - 4 scrolls of identify
 u - 10 scrolls of remove curse
 x - 4 scrolls of fog
 y - a scroll of amnesia
 N - 6 scrolls of recharging
 U - 3 scrolls of enchant weapon
Potions
 e - 3 potions of cure mutation
 j - 4 potions of agility
 n - a potion of cancellation
 p - 5 potions of might
 s - 4 potions of curing
 A - 4 potions of brilliance
 D - 8 potions of flight
 F - a potion of resistance
Books
 H - a book of Conjurations

   Spells                             Type                      Level
   a - Magic Dart                     Conjuration                  1
   b - Searing Ray                    Conjuration                  2
   c - Dazzling Spray                 Conjuration/Hexes            3
   d - Fulminant Prism                Conjuration/Hexes            4
   e - Iskenderun's Mystic Blast      Conjuration                  4
   f - Iskenderun's Battlesphere      Conjuration/Charms           5
 S - the Collected Works on Hurtful Air
   (You found it on level 11 of the Dungeon)

   Spells                             Type                      Level
   a - Searing Ray                    Conjuration                  2
   b - Irradiate                      Conjuration/Transmutation    5
   c - Deflect Missiles               Charms/Air                   6
   d - Orb of Destruction             Conjuration                  7
 Z - a book of Geomancy

   Spells                             Type                      Level
   a - Sandblast                      Earth                        1
   b - Passwall                       Transmutation/Earth          2
   c - Stone Arrow                    Conjuration/Earth            3
   d - Petrify                        Transmutation/Earth          4
   e - Lee's Rapid Deconstruction     Earth                        5
Comestibles
 c - 19 bread rations
 o - 13 royal jellies
 B - 5 meat rations


   Skills:
 - Level 3.4 Fighting
   Level 1.0(3.9) Polearms
 + Level 6.0(6.1) Staves
 - Level 10.2 Dodging
 - Level 3.0 Stealth
 - Level 9.2 Shields
 - Level 12.6 Spellcasting
 - Level 13.7 Conjurations
 + Level 7.7 Charms
 - Level 18.8 Ice Magic
 + Level 8.6 Air Magic
 - Level 3.7 Earth Magic
 - Level 4.0 Evocations


You had 7 spell levels left.
You knew the following spells:

 Your Spells              Type           Power        Failure   Level  Hunger
a - Freeze                Ice            ####         0%          1    None
b - Throw Frost           Conj/Ice       ######       0%          2    None
c - Ozocubu's Armour      Chrm/Ice       ########     1%          3    None
d - Throw Icicle          Conj/Ice       ########     1%          4    None
e - Mephitic Cloud        Conj/Pois/Air  ######..     1%          3    None
f - Iskenderun's Mystic   Conj           #######.     1%          4    None
g - Sticky Flame          Conj/Fire      ######..     1%          4    None
h - Freezing Cloud        Conj/Ice/Air   ########..   1%          6    None
i - Bolt of Cold          Conj/Ice       ########..   1%          6    None
j - Stone Arrow           Conj/Erth      ######       1%          3    None


Dungeon Overview and Level Annotations

Branches:
Dungeon (15/15)            Temple (0/1) D:5            Lair (6/6) D:10
 Shoals (0/4) Lair:4       Spider (4/4) Lair:3        Slime (0/5) Lair:6
    Orc (2/2) D:10            Elf (0/3) Orc:2        Vaults (0/5) D:14
 Depths (0/5) D:15

Altars:
Ashenzari
Elyvilon
Fedhas
Gozag
Kikubaaqudgha
Makhleb
Okawaru
Trog
Uskayaw
Vehumet
Xom
Zin
Jiyva

Shops:
D:11 }   Orc:2 =(*[

Portals:
Trove: D:10 (show slimy rune of Zot)

Annotations:
D:4 Geoffrax's ghost, novice OpAs
Spider:4 Roxanne


Innate Abilities, Weirdness & Mutations

You cannot wear boots.
Your serpentine skin is tough. (AC +6)
You have supernaturally acute eyesight. (SInv)
Armour fits poorly on your strangely shaped body.
Your system is resistant to poisons. (rPois)
You cover ground very slowly.
You have a slow metabolism.
You can spit poison.
You can use your snake-like lower body to constrict enemies.


Message History

You block the jumping spider's attack.
The jumping spider bites you but does no damage.
You feel better. The wolf spider hits you.
* * * LOW HITPOINT WARNING * * *
You block the wolf spider's attack.
The hornet stings you but does no damage.
You block the jumping spider's attack. The jumping spider misses you.
You block the jumping spider's attack. The jumping spider barely misses you.
The wolf spider hits you but does no damage.
The wolf spider barely misses you. The hornet stings you!
* * * LOW HITPOINT WARNING * * *
You suddenly lose the ability to move!
The emperor scorpion stings you!!
* * * LOW HITPOINT WARNING * * *
You are lethally poisoned!
The emperor scorpion poisons you!
The emperor scorpion claws you but does no damage. x2
The jumping spider pounces on you.
* * * LOW HITPOINT WARNING * * *
The jumping spider bites you.
You die...

^...............................#
................................#
..............(.[...............#
..............†.<...............#
...^....#..[...[)...............#
..^...........#.................#
...............†....<..........##
...............s.......}.......#
......#.†...^.#s@s....^...8.
...........#...yss..........
....§.......^...............
^..............#############
###.......^.#### # ####'''####
##### ### #...# ##.≈≈###
.≈####^..## ##≈.....##
...##....≈## #........##


You could see an emperor scorpion, a wolf spider, a hornet and 3 jumping
spiders.

Vanquished Creatures
  Mara (Spider:4)
  Nikola (Spider:4)
  Frances (D:14)
  Agnes (Spider:4)
  An orc warlord (Orc:1)
  Louise (Spider:4)
  5 emperor scorpions
  3 ghost moths (Spider:4)
  6 entropy weavers
  A dire elephant (D:15)
  The ghost of RepeatAfterME the Severer, a journeyman HOMo of Beogh (Lair:5)
  A minotaur (Lab)
  3 spark wasps
  An ettin (Orc:2)
  The ghost of newtexas the Severer, a journeyman MiFi of Okawaru (Lair:1)
  Josephine (D:10)
  A great orb of eyes (D:12)
  Harold (Lair:4)
  A catoblepas (Lair:4)
  6 hydras
  A death knight (D:15)
  Erica (Lair:2)
  2 dancing weapons (D:14)
  4 centaur warriors
  An ogre mage (D:15)
  A deep troll shaman (D:11)
  5 death yaks (Lair:5)
  A queen ant (Spider:2)
  9 two-headed ogres
  Urug (D:10)
  3 orc high priests
  A deep troll earth mage (D:11)
  4 hell knights (D:12)
  The ghost of wearedevo the Slicer, a journeyman VSFi of Uskayaw (D:10)
  Sonja (D:11)
  A skeletal warrior (D:15)
  Nergalle (D:11)
  9 unseen horrors
  3 deep trolls
  3 wizards
  6 orc knights
  4 necromancers
  An orb spider (shapeshifter) (Lair:4)
  Pikel (D:6)
  A phantasmal warrior (D:15)
  An oklob plant (Lair:2)
  15 orb spiders
  5 orc sorcerers
  3 manticores
  A deep elf mage (D:13)
  5 ugly things (D:15)
  48 wolf spiders
  3 cyclopes
  2 moths of wrath
  8 elephants
  6 black mambas
  4 ice statues (IceCv)
  Psyche (D:8)
  2 rust devils (D:12)
  A gargoyle (D:12)
  3 torpor snails
  An orange demon (D:12)
  A rime drake (shapeshifter) (D:15)
  14 spiny frogs
  15 demonic crawlers
  2 freezing wraiths (D:15)
  4 kobold demonologists
  9 komodo dragons
  A rime drake (Lair:1)
  A redback zombie (D:15)
  8 ice devils (IceCv)
  2 tengu conjurers (D:15)
  A yaktaur (D:15)
  3 meliai (D:15)
  An efreet (D:14)
  9 trolls
  43 jumping spiders
  6 polar bears
  10 hornets
  Prince Ribbit (D:6)
  21 slime creatures
  9 blink frogs (Lair:3)
  20 dream sheep
  9 hippogriffs
  15 spriggans
  38 tarantellas
  4 wyverns
  2 vampires
  2 water elementals (D:11)
  7 wraiths
  2 hogs (D:11)
  57 yaks
  Sigmund (D:2)
  104 redbacks
  2 hungry ghosts
  A basilisk (shapeshifter) (Lair:6)
  9 basilisks
  A human (D:11)
  7 vampire mosquitoes (D:13)
  A steam dragon (D:13)
  Menkaure (D:5)
  2 wargs
  28 soldier ants
  2 acid dragons
  6 hell hounds (D:12)
  14 water moccasins
  19 porcupines
  3 ice beasts
  33 orc warriors
  4 phantoms
  2 hornet zombies
  4 sky beasts
  3 slaves (D:6)
  6 black bears
  3 boggarts (Lair:6)
  An eye of draining (D:14)
  73 wolves
  14 ogres
  28 centaurs
  38 crocodiles
  6 big kobolds
  A wyvern zombie (D:8)
  A water moccasin zombie (D:8)
  A gnoll sergeant (D:9)
  Blork the orc (D:5)
  21 bullfrogs
  6 scorpions
  A scorpion (shapeshifter) (Orc:1)
  2 wyvern skeletons
  A water moccasin skeleton (D:9)
  4 killer bees (D:10)
  5 wights (D:10)
  2 howler monkeys
  10 electric eels
  2 lava snakes
  2 draconian simulacra (IceCv)
  A bullfrog zombie (D:11)
  3 crimson imps
  6 centaur zombies
  2 quasits
  3 bullfrog skeletons
  3 jellies
  15 orc priests
  9 hounds
  26 orc wizards
  Crazy Yiuf (D:5)
  9 centaur skeletons
  34 worker ants
  9 iguanas
  2 spriggan simulacra (IceCv)
  3 troll simulacra (IceCv)
  A centaur simulacrum (IceCv)
  2 worker ant zombies
  A howler monkey skeleton (D:10)
  17 gnolls
  19 adders
  A naga simulacrum (IceCv)
  An ogre simulacrum (IceCv)
  A river rat (D:6)
  3 shadow imps
  12 white imps (D:12)
  3 oozes
  An adder zombie (D:5)
  An adder skeleton (D:4)
  5 worms
  4 dart slugs
  14 leopard geckos
  93 orcs
  4 ball pythons
  8 bats
  16 giant cockroaches
  11 goblins
  8 hobgoblins
  10 jackals
  22 kobolds
  4 quokkas
  9 frilled lizards
  2 jackal zombies
  A leopard gecko zombie (D:5)
  10 rats
1416 creatures vanquished.

Vanquished Creatures (collateral kills)
  A gnoll (D:7)
1 creature vanquished.

Vanquished Creatures (others)
  An unseen horror (D:13)
  A hog (D:11)
  A hell hound (D:12)
  An orc wizard (D:15)
  An orc (D:10)
  31 fungi
  45 plants
81 creatures vanquished.

Grand Total: 1498 creatures vanquished

Notes
Turn   | Place    | Note
-------+----------+-------------------------------------------
     0 | D:1      | AlphabetPasta the Naga Ice Elementalist began the quest for the Orb.
     0 | D:1      | Reached XP level 1. HP: 15/15 MP: 3/3
   169 | D:1      | Reached XP level 2. HP: 22/22 MP: 5/5
   179 | D:1      | Learned a level 2 spell: Throw Frost
   855 | D:1      | Reached XP level 3. HP: 28/28 MP: 6/6
  1224 | D:2      | Learned a level 3 spell: Ozocubu's Armour
  1333 | D:2      | Reached skill level 4 in Ice Magic
  1442 | D:2      | Reached XP level 4. HP: 36/36 MP: 3/8
  1915 | D:2      | Noticed Sigmund
  1926 | D:2      | Killed Sigmund
  1926 | D:2      | Reached skill level 5 in Ice Magic
  1926 | D:2      | Reached XP level 5. HP: 15/42 MP: 2/10
  2137 | D:2      | Learned a level 4 spell: Throw Icicle
  2290 | D:3      | Reached XP level 6. HP: 45/49 MP: 8/11
  3455 | D:4      | Reached skill level 6 in Ice Magic
  3749 | D:4      | Reached XP level 7. HP: 53/55 MP: 9/12
  4172 | D:4      | Found a radiant altar of Vehumet.
  4177 | D:4      | Noticed Geoffrax's ghost (novice OpAs)
  4180 | D:4      | Became a worshipper of Vehumet
  4372 | D:5      | Entered Level 5 of the Dungeon
  4763 | D:5      | Found a runed door.
  4767 | D:5      | Noticed Crazy Yiuf
  4770 | D:5      | Killed Crazy Yiuf
  4898 | D:5      | Noticed Menkaure
  4907 | D:5      | Killed Menkaure
  4907 | D:5      | Reached skill level 7 in Ice Magic
  4907 | D:5      | Reached XP level 8. HP: 11/62 MP: 2/14
  5169 | D:5      | Found a staircase to the Ecumenical Temple.
  5180 | D:5      | Reached skill level 1 in Polearms
  5251 | D:5      | Found a bloodstained altar of Trog.
  5429 | D:5      | Reached skill level 1 in Staves
  5699 | D:5      | Reached * piety under Vehumet
  5699 | D:5      | Offered knowledge of Sting by Vehumet.
  5699 | D:5      | Reached skill level 5 in Spellcasting
  5822 | D:5      | Found a faded altar of an unknown god.
  5924 | D:5      | Reached skill level 8 in Ice Magic
  5976 | D:5      | Noticed Blork the orc
  5991 | D:5      | Killed Blork the orc
  6391 | D:6      | Reached skill level 1 in Fighting
  6530 | D:6      | Found a glowing drain.
  6543 | Sewer    | Entered a sewer
  6701 | Sewer    | Reached XP level 9. HP: 61/70 MP: 14/16
  6737 | Sewer    | Reached ** piety under Vehumet
  6737 | Sewer    | Offered knowledge of Throw Flame by Vehumet.
  6985 | D:6      | Found a shattered altar of Ashenzari.
  6986 | D:6      | Found an iron altar of Okawaru.
  7240 | D:5      | Reached skill level 9 in Ice Magic
  7292 | D:6      | Noticed Prince Ribbit
  7298 | D:6      | Killed Prince Ribbit
  7298 | D:6      | Reached skill level 5 in Conjurations
  7527 | D:6      | Offered knowledge of Mephitic Cloud by Vehumet.
  7665 | D:6      | Noticed Pikel
  7678 | D:6      | Killed Pikel
  7907 | D:7      | Learned a level 3 spell: Mephitic Cloud
  7979 | D:7      | Found a blossoming altar of Fedhas.
  8187 | D:7      | Found a glowing silver altar of Zin.
  8262 | D:7      | Noticed an angel
  8265 | D:7      | Found a shimmering altar of Xom.
  8356 | D:7      | Reached skill level 10 in Ice Magic
  8356 | D:7      | Reached XP level 10. HP: 73/84 MP: 6/19
  8826 | D:7      | Reached *** piety under Vehumet
  8843 | D:7      | Learned a level 4 spell: Throw Icicle
  9101 | D:8      | Noticed Psyche
  9106 | D:8      | Killed Psyche
  9219 | D:8      | Found a white marble altar of Elyvilon.
  9458 | D:8      | Offered knowledge of Fulminant Prism by Vehumet.
  9863 | D:9      | Learned a level 4 spell: Iskenderun's Mystic Blast
 10191 | D:9      | Reached **** piety under Vehumet
 10303 | D:9      | Found a hide-covered altar of Uskayaw.
 10303 | D:9      | Found an ancient bone altar of Kikubaaqudgha.
 10340 | D:9      | Reached skill level 1 in Evocations
 10364 | D:9      | Reached skill level 11 in Ice Magic
 10526 | D:9      | Offered knowledge of Force Lance by Vehumet.
 11310 | D:10     | Entered Level 10 of the Dungeon
 11323 | D:10     | Found a burning altar of Makhleb.
 11564 | D:10     | Noticed Josephine
 11567 | D:10     | Killed Josephine
 11567 | D:10     | Reached XP level 11. HP: 82/90 MP: 11/22
 12241 | D:10     | Found a staircase to the Lair.
 12376 | D:10     | Identified a scroll of acquirement
 12485 | D:10     | Found a portal to a secret trove of treasure.
 13190 | D:10     | Noticed Urug
 13209 | D:10     | Reached skill level 12 in Ice Magic
 13223 | D:10     | Noticed wearedevo's ghost (journeyman VSFi)
 13542 | D:10     | Killed wearedevo's ghost
 14159 | D:10     | Reached ***** piety under Vehumet
 14162 | D:10     | Offered knowledge of Sticky Flame by Vehumet.
 14168 | D:10     | Learned a level 4 spell: Sticky Flame
 14182 | D:10     | Found a staircase to the Orcish Mines.
 14616 | D:10     | Killed Urug
 14766 | D:11     | Noticed Sonja
 14766 | D:11     | Noticed an unseen horror
 14768 | D:11     | Killed Sonja
 14828 | D:11     | Reached XP level 12. HP: 58/97 MP: 20/24
 14833 | D:11     | Noticed Nergalle
 15051 | D:11     | Killed Nergalle
 15793 | D:11     | Reached skill level 13 in Ice Magic
 16570 | D:11     | Identified the Collected Works on Hurtful Air
 16840 | D:11     | Found Azxe's Gadget Emporium.
 17282 | D:12     | Found a frozen archway.
 17340 | IceCv    | Entered an ice cave
 17934 | IceCv    | Reached skill level 5 in Dodging
 18199 | IceCv    | Offered knowledge of Olgreb's Toxic Radiance by Vehumet.
 19217 | D:12     | Gained mutation: You can use your snake-like lower body to constrict enemies. [Naga growth]
 19217 | D:12     | Reached XP level 13. HP: 104/104 MP: 26/26
 19328 | D:12     | Reached skill level 14 in Ice Magic
 19922 | D:12     | Reached skill level 10 in Conjurations
 20077 | D:12     | Found a runed door.
 21161 | D:12     | Upgraded the game from 0.20-a0-522-g0b37eee to 0.20-a0-529-gc48301f
 21275 | Lair:1   | Entered Level 1 of the Lair of Beasts
 21315 | Lair:1   | Got a faintly glowing shield
 21365 | Lair:1   | Noticed newtexas's ghost (journeyman MiFi)
 21366 | Lair:1   | Offered knowledge of Freezing Cloud by Vehumet.
 21666 | D:10     | Reached skill level 1 in Shields
 21750 | D:10     | Learned a level 6 spell: Freezing Cloud
 21836 | Lair:1   | Killed newtexas's ghost
 22008 | Lair:1   | Reached skill level 1 in Air Magic
 22447 | Lair:1   | Reached skill level 10 in Spellcasting
 22723 | Lair:2   | Found a labyrinth entrance.
 22723 | Lair:2   | Noticed Erica
 22729 | Lair:2   | Killed Erica
 22882 | Lab      | Entered a labyrinth
 22981 | Lab      | Noticed a minotaur
 22986 | Lab      | Killed a minotaur
 22986 | Lab      | Reached skill level 15 in Ice Magic
 22995 | Lab      | Identified the Reference Book on Ice and Transmigration
 23047 | Lair:2   | Reached XP level 14. HP: 104/111 MP: 13/28
 23701 | Lair:3   | Offered knowledge of Yara's Violent Unravelling by Vehumet.
 24465 | Lair:3   | Found a hole to the Spider Nest.
 25831 | Lair:4   | Noticed Harold
 25840 | Lair:4   | Killed Harold
 25897 | Lair:4   | Found a staircase to the Shoals.
 27909 | Lair:5   | Noticed RepeatAfterME's ghost (journeyman HOMo)
 27985 | Lair:5   | Killed RepeatAfterME's ghost
 28536 | Lair:5   | HP: 5/111 [death yak (23)]
 29170 | Lair:5   | Reached XP level 15. HP: 81/117 MP: 13/29
 29354 | Lair:5   | Offered knowledge of Ozocubu's Refrigeration by Vehumet.
 29367 | Lair:5   | Reached skill level 16 in Ice Magic
 30143 | Lair:6   | Entered Level 6 of the Lair of Beasts
 30174 | Lair:5   | Reached skill level 5 in Air Magic
 30496 | Lair:5   | Reached skill level 1 in Charms
 31589 | Lair:6   | Offered knowledge of Bolt of Fire by Vehumet.
 32656 | Lair:6   | Found a staircase to the Slime Pits.
 32657 | Lair:6   | Found a viscous altar of Jiyva.
 32924 | Lair:6   | Reached skill level 5 in Shields
 33490 | Orc:1    | Entered Level 1 of the Orcish Mines
 33645 | Orc:2    | Entered Level 2 of the Orcish Mines
 33645 | Orc:2    | Found a staircase to the Elven Halls.
 33645 | Orc:2    | Found Utomazah's Jewellery Shop.
 34360 | Orc:2    | Offered knowledge of Bolt of Cold by Vehumet.
 34368 | Orc:2    | Learned a level 6 spell: Bolt of Cold
 34581 | Orc:2    | Found Optianer's General Store.
 35151 | Orc:2    | Noticed an orc warlord
 35515 | Orc:1    | Killed an orc warlord
 35553 | Orc:1    | Reached XP level 16. HP: 25/124 MP: 11/31
 36164 | Orc:2    | Found Lis Sudi's Antique Weapon Shop.
 36167 | Orc:2    | Found Saumemown's Antique Armour Emporium.
 36277 | Orc:2    | Bought a scroll of blinking for 112 gold pieces
 37240 | D:13     | Reached skill level 17 in Ice Magic
 38630 | D:14     | Found a blossoming altar of Fedhas.
 38640 | D:14     | Reached XP level 17. HP: 128/132 MP: 32/32
 38844 | D:14     | Found a gate to the Vaults.
 39014 | D:14     | Noticed Frances
 39020 | D:14     | Killed Frances
 39628 | D:14     | Found an opulent altar of Gozag.
 39804 | D:15     | Entered Level 15 of the Dungeon
 40487 | D:15     | Reached skill level 5 in Charms
 40495 | D:15     | Reached ****** piety under Vehumet
 41296 | D:15     | Offered knowledge of Lehudib's Crystal Spear by Vehumet.
 41296 | D:15     | Offered knowledge of Fire Storm by Vehumet.
 41296 | D:15     | Offered knowledge of Chain Lightning by Vehumet.
 41528 | D:15     | Identified the +5 shield "Ometav" {Slay+2 SInv Stlth+} (You found it on level 1 of the Lair of Beasts)
 42143 | D:15     | Reached XP level 18. HP: 29/139 MP: 2/33
 42505 | D:15     | Found a staircase to the Depths.
 43475 | Spider:1 | Entered Level 1 of the Spider Nest
 44377 | Spider:1 | Reached skill level 18 in Ice Magic
 45689 | Spider:2 | Learned a level 3 spell: Stone Arrow
 46415 | Spider:2 | Reached skill level 1 in Earth Magic
 46477 | Spider:2 | Upgraded the game from 0.20-a0-529-gc48301f to 0.20-a0-537-g052e6ba
 47227 | Spider:2 | You fall through a shaft!
 47798 | Spider:3 | Reached XP level 19. HP: 102/145 MP: 2/35
 47805 | Spider:2 | Reached skill level 10 in Dodging
 49165 | Spider:4 | Entered Level 4 of the Spider Nest
 49165 | Spider:4 | Noticed Roxanne
 49165 | Spider:4 | Noticed Louise
 49425 | Spider:4 | Killed Louise
 49672 | Spider:4 | Noticed Mara
 49786 | Spider:4 | Noticed AlphabetPasta's illusion
 50067 | Spider:4 | Noticed AlphabetPasta's illusion
 50073 | Spider:4 | Killed Mara
 50627 | Spider:4 | Noticed Nikola
 50657 | Spider:4 | Killed Nikola
 51495 | Spider:4 | Noticed Agnes
 51521 | Spider:4 | HP: 7/145 [poisoned by a wolf spider]
 51528 | Spider:4 | HP: 7/145 [poisoned by a wolf spider]
 51535 | Spider:4 | HP: 7/145 [poisoned by a wolf spider]
 52086 | Spider:4 | Reached skill level 5 in Staves
 52831 | Spider:4 | Killed Agnes
 53397 | Spider:4 | Paralysed by a hornet for 3 turns
 53397 | Spider:4 | HP: 4/145 [emperor scorpion (21)]
 53397 | Spider:4 | HP: 1/145 [jumping spider (3)]
 53397 | Spider:4 | Slain by a jumping spider

Vault maps used:
D:1:      dpeg_arrival_tiny_g, kennysheep_nondescript, serial_bayou_pond_d
D:2:      uniq_sigmund
D:3:      chequers_big_river
D:4:      overflow_temple_1_default
D:5:      kennysheep_windowed_halls, nicolae_temple_entry_ecumenical,
          first_bread, trog_butcher_becter, uniq_blork_the_orc, uniq_menkaure,
          uniq_crazy_yiuf_cottage
D:6:      gammafunk_temple_overflow_pools, portal_sewer_entry_e, uniq_pikel,
          uniq_prince_ribbit1
D:7:      grunt_temple_overflow_order_and_chaos_1, lemuel_doored_altar
D:8:      elyvilon_altar_4, uniq_psyche
D:9:      amethyst_overflow_temple_binary
D:10:     minmay_lair_entry_grove, david_orc_4, basic_altar, enter_trove_0,
          uniq_urug, uniq_josephine
D:11:     serial_shops, shop, serial_bayou, serial_bayou_lagoon_a,
          serial_bayou_crossing, serial_bayou_lake_a, serial_bayou_lagoon_b,
          grunt_livestock, serial_bayou_pond_b, uniq_nergalle, uniq_sonja
D:12:     mludivico_vault, portal_ice_cave_entry_imps
D:14:     erik_vaults_1, basic_altar, nicolae_gozag_seed_capital,
          kennysheep_dice, uniq_frances
D:15:     hangedman_depths_entry_try_elsewhere_first, minmay_misc_feat_pillars
Lair:1:   st_stairs_12, serial_bayou_pond_e, grunt_forest_large_clearings,
          serial_bayou_shore_a
Lair:2:   lab_entry_generic, uniq_erica
Lair:3:   lemuel_reptile_caves, spider_nest_entry_webs
Lair:4:   beast_lair_carwin_large_2, minmay_shoals_entry_centaurs,
          kennysheep_catoblepas_arena, uniq_harold
Lair:5:   nicolae_lair_grove_arrangements, small_statue_intersection,
          st_stairs_7, grunt_forest_large_clearing_hut
Lair:6:   minmay_lair_end_enchanted_forest, slime_altar_1, serial_bayou,
          serial_bayou_pond_d, serial_bayou_pond_e, serial_bayou_pond_c,
          serial_bayou_pond_c, serial_bayou_shore_b, minivault_25,
          small_statue_intersection
Spider:2: spider_trap, minivault_29
Spider:4: spider_rune_water, spider_trap, nicolae_spider_shape, uniq_roxanne,
          uniq_louise, uniq_mara, uniq_nikola, uniq_agnes
Orc:2:    grunt_orc_gardens, grunt_orc_garden, grunt_orc_garden,
          grunt_orc_garden, grunt_orc_garden
Lab:      nicolae_lab_dead_adventurers, labyrinth_skeletal_remains,
          nicolae_lab_plus
Sewer:    kennysheep_pipe_town
IceCv:    ice_cave_tombish

Skill      XL: |  1  2  3  4  5  6  7  8  9 10 11 12 13 14 15 16 17 18 19 |
---------------+----------------------------------------------------------+-----
Ice Magic      | 4 5 6 7 8 10 11 12 13 15 16 17 18 | 18.8
Spellcasting   | 3 4 5 6 7 8 9 10 11 12 | 12.6
Conjurations   | 2 3 4 5 7 8 9 10 11 12 13 | 13.7
Polearms       | 1 |  1.0
Staves         | 2 6 |  6.0
Fighting       | 1 3 |  3.4
Dodging        | 3 5 6 7 8 9 10 | 10.2
Evocations     | 2 4 |  4.0
Shields        | 1 4 5 7 8 9 |  9.2
Air Magic      | 2 4 5 6 8 |  8.6
Charms         | 3 4 5 6 7 |  7.7
Earth Magic    | 2 3 |  3.7
Stealth        | |  3.0

Action                   |  1- 3 |  4- 6 |  7- 9 | 10-12 | 13-15 | 16-18 | 19-21 || total
-------------------------+-------+-------+-------+-------+-------+-------+-------++-------
Melee: Unarmed           |     1 |    21 |       |       |       |       |       ||    22
       Trident           |       |       |    11 |       |       |       |       ||    11
       Quarterstaff      |       |       |   138 |   143 |   527 |   110 |       ||   918
       Constrict         |       |       |       |       |   139 |    39 |     7 ||   185
       Staff             |       |       |       |       |       |    69 |    55 ||   124
 Cast: Freeze            |    23 |    64 |   143 |   201 |    38 |     2 |       ||   471
       Throw Frost       |       |     4 |     9 |   110 |   176 |    41 |     4 ||   344
       Throw Icicle      |       |       |    10 |    58 |   356 |   555 |   271 ||  1250
       Iskenderun's Myst |       |       |       |    63 |    36 |    19 |     6 ||   124
       Sticky Flame      |       |       |       |    68 |   179 |    65 |    49 ||   361
       Mephitic Cloud    |       |       |       |     1 |     2 |       |       ||     3
       Ozocubu's Armour  |       |       |       |     6 |    24 |    19 |    11 ||    60
       Freezing Cloud    |       |       |       |       |     3 |       |     9 ||    12
       Bolt of Cold      |       |       |       |       |       |    47 |    21 ||    68
       Stone Arrow       |       |       |       |       |       |     6 |     3 ||     9
 Abil: Spit Poison       |    33 |    58 |    89 |    90 |    57 |    11 |     1 ||   339
       Evoke Flight      |       |       |       |       |       |     1 |       ||     1
Evoke: Wand              |       |       |       |     4 |     9 |       |     4 ||    17
  Use: Scroll            |     4 |     6 |     6 |    17 |    16 |    13 |     5 ||    67
       Potion            |       |     2 |     2 |     6 |    11 |     4 |    14 ||    39
 Stab: Sleeping          |       |       |     3 |       |     4 |       |       ||     7
       Paralysed         |       |       |     2 |     8 |     2 |     3 |       ||    15
       Petrified         |       |       |       |       |     7 |     4 |       ||    11
       Confused          |       |       |       |       |     1 |       |       ||     1
       Distracted        |       |       |       |       |     1 |       |       ||     1
       Petrifying        |       |       |       |       |       |     1 |       ||     1
       Invisible         |       |       |       |       |       |       |     3 ||     3
  Eat: Chunk             |     3 |     3 |    14 |    22 |    40 |    24 |     1 ||   107
       Meat ration       |       |     1 |     1 |     4 |     2 |       |     2 ||    10
       Royal jelly       |       |     1 |       |     3 |       |     1 |     1 ||     6
       Fruit             |       |       |       |     4 |    12 |    12 |     2 ||    30
Armor: Robe              |     5 |    10 |    69 |   284 |   592 |   296 |   178 ||  1434
Dodge: Dodged            |     8 |    27 |   132 |   272 |   588 |   266 |   187 ||  1480
Block: Shield            |       |       |       |       |       |   213 |   291 ||   504
